 Dungeon Crawl Stone Soup version 0.30-a0-782-ge64f9170bb (webtiles) character file.

Game seed: 3570674662581721852

8230 funkygono the Arsonist (level 11, 0/57 HPs)
             Began as a Gargoyle Fire Elementalist on Mar 6, 2023.
             Was a Follower of Sif Muna.
             Hit by a large rock thrown by a cyclops (40 damage)
             ... on level 10 of the Dungeon.
             The game lasted 00:21:07 (11777 turns).

funkygono the Arsonist (GrFE)                      Turns: 11777, Time: 00:21:08

Health: 0/57       AC: 22    Str: 12    XL:     11   Next: 27%
Magic:  25/34      EV: 12    Int: 20    God:    Sif Muna [*.....]
Gold:   648        SH:  0    Dex: 10    Spells: 19/30 levels left

rFire   . . .      SeeInvis .    p - +4 flail (protect)
rCold   . . .      Faith    .    (no shield)
rNeg    + . .      Spirit   .    B - +0 steam dragon scales
rPois   ∞          Reflect  .    E - +1 helmet
rElec   +          Harm     .    y - +1 cloak
rCorr   .          Rampage  .    P - +0 pair of gloves
Will    .....                    (no boots)
Stlth   ++                       t - amulet of regeneration
HPRegen 1.09/turn                i - +4 ring of protection
MPRegen 0.24/turn                q - ring of magical power

@: no status effects
A: sickness immunity, AC +8, negative energy resistance 1, electricity
resistance, torment resistance 1, petrification resistance
a: Renounce Religion, Channel Magic


You were on level 10 of the Dungeon.
You worshipped Sif Muna.
Sif Muna was aware of your devotion.
You visited 2 branches of the dungeon, and saw 11 of its levels.
You also visited: Sewer.

You collected 648 gold pieces.

Inventory:

Hand Weapons
 h - a +0 whip of chaos
 j - a +1 whip of electrocution
 p - a +4 flail of protection (weapon)
 x - a +3 quarterstaff of chaos
 z - a +2 mace of protection
Missiles
 F - a throwing net
Armour
 k - a +1 robe of positive energy
 y - a +1 cloak (worn)
 B - +0 steam dragon scales (worn)
 C - a +0 ring mail of cold resistance
 E - a +1 helmet (worn)
 P - a +0 pair of gloves (worn)
Magical Staves
 v - a staff of poison
Jewellery
 i - a +4 ring of protection (left hand)
 q - a ring of magical power (right hand)
 t - an amulet of regeneration (around neck)
 A - an amulet of the acrobat
 J - a +4 ring of protection
 K - an amulet of reflection
 L - a ring of flight
Wands
 a - a wand of charming (5)
 u - a wand of digging (3)
 G - a wand of iceblast (6)
 I - a wand of flame (43)
Scrolls
 g - 2 scrolls of teleportation
 n - a scroll of immolation
 r - a scroll of fog
 s - 2 scrolls of blinking
 D - a scroll of brand weapon
 M - 2 scrolls of magic mapping
 O - 2 scrolls of enchant weapon
 Q - a scroll of vulnerability {unknown}
Potions
 b - 4 potions of magic
 c - 2 potions of might
 d - 4 potions of heal wounds
 e - 5 potions of degeneration
 f - 4 potions of brilliance
 l - 2 potions of lignification
 m - 5 potions of curing
 o - a potion of invisibility {unknown}
 w - 3 potions of cancellation {unknown}
 H - 3 potions of mutation {unknown}
 N - a potion of haste


   Skills:
 + Level 1.9 Fighting
 + Level 0.8 Maces & Flails
 + Level 3.2 Dodging
 - Level 2.1 Stealth
 + Level 10.2 Spellcasting
 + Level 8.6 Conjurations
 + Level 10.3 Fire Magic
 + Level 1.1 Invocations


You had 19 spell levels left.
You knew the following spells:

 Your Spells              Type           Power      Damage    Failure   Level
a - Foxfire               Conj/Fire      100%       2x1d9     1%          1
b - Scorch                Fire           100%       2d10      1%          2
c - Kindle Blastsparks    Fire/Tloc/Air  48%        2d14      4%          3
d - Flame Wave            Conj/Fire      48%        2d12      1%          4
e - Sting                 Tmut/Pois      40%        1d5       7%          1

Your spell library contained the following spells:

 Spells                   Type           Power      Damage    Failure   Level
 Momentum Strike          Conj/Tloc      54%        3d9       1%          2
 Static Discharge         Conj/Air       54%        2-5/arc   1%          2
 Inner Flame              Hex/Fire       30%        N/A       2%          3
 Freeze                   Ice            40%        1d6       7%          1
 Blink                    Tloc           20%        N/A       11%         2
 Lesser Beckoning         Tloc           20%        N/A       11%         2
 Vhi's Electric Charge    Tloc/Air       20%        N/A       21%         3
 Arcjolt                  Conj/Air       13%        1d23      32%         5
 Lightning Bolt           Conj/Air       13%        1d27      32%         5
 Manifold Assault         Tloc           10%        N/A       56%         4
 Storm Form               Tmut/Air       5%         N/A       100%        7


Dungeon Overview and Level Annotations

Branches:
Dungeon (10/15)            Temple (1/1) D:6            Lair (0/5) D:9
    Orc (0/2) D:9           Sewer (visited)

Altars:
Ashenzari
Cheibriados
Dithmenos
Elyvilon
Fedhas
Gozag
Hepliaklqana
Kikubaaqudgha
Makhleb
Nemelex Xobeh
Okawaru
Ru
Sif Muna
Trog
Uskayaw
Vehumet
Wu Jian
Xom
Yredelemnul
Zin
The Shining One


Innate Abilities, Weirdness & Mutations

You are immune to sickness and miasma.
Your stone body is resilient. (AC +8)
You are immune to poison.
You resist negative energy. (rN+)
You are resistant to electric shocks. (rElec)
You are resistant to unholy torment.
You are immune to petrification.


Message History

The foxfire hits something but does no damage.
The foxfire hits something.
Something barely misses you.
Casting: Foxfire (safe; 1% risk of failure)
Confirm with . or Enter, or press ? or * to list all spells.
You conjure some foxfire!
The foxfire hits something but does no damage.
Something hits you.
The foxfire hits something but does no damage.
Something hits you but does no damage.
Casting: Foxfire (safe; 1% risk of failure)
Confirm with . or Enter, or press ? or * to list all spells.
You conjure some foxfire!
The foxfire hits something. x2
Something hits you but does no damage.
Casting: Foxfire (safe; 1% risk of failure)
Confirm with . or Enter, or press ? or * to list all spells.
You conjure some foxfire!
The foxfire hits something but does no damage. x2
Something hits you. Something hits you but does no damage.
Casting: Foxfire (safe; 1% risk of failure)
Confirm with . or Enter, or press ? or * to list all spells.
You conjure some foxfire!
The foxfire hits something.
Something hits you.
Casting: Foxfire (safe; 1% risk of failure)
Confirm with . or Enter, or press ? or * to list all spells.
You conjure some foxfire!
The foxfire hits something.
The foxfire hits something but does no damage.
The foxfire hits something.
Something hits you.
Casting: Foxfire (safe; 1% risk of failure)
Confirm with . or Enter, or press ? or * to list all spells.
You conjure some foxfire!
The foxfire hits something. x2
Something hits you but does no damage.
Casting: Foxfire (safe; 1% risk of failure)
Confirm with . or Enter, or press ? or * to list all spells.
You conjure some foxfire!
The foxfire hits something!
The foxfire hits something.
Sif Muna accepts your kill.
Reactivating autopickup.
You feel a bit more experienced.
The cyclops throws a large rock.
The large rock hits you!!!
Ouch! That really hurt!
You die...

#.............
#.............
##.............
#..............
#.............. ..
#........C.....
..#+#.....v........
..........§@.......
#........v........
#.................
#.................
#.................
#.........########
#.........#
#.........#
#.........#


You could see a cyclops.

Vanquished Creatures
  A two-headed ogre (D:8)
  Pikel (D:6)
  A wolf spider zombie (D:9)
  A centaur zombie (D:9)
  3 centaur skeletons (D:9)
  An unseen horror (D:10)
  2 hellwings (D:9)
  Grinder (D:3)
  A harpy skeleton (D:9)
  3 wyverns
  2 steam dragons
  2 wargs (D:9)
  Duvessa (D:4)
  A sky beast (D:6)
  An orc warrior (D:9)
  2 ogres
  A lemure (D:6)
  2 centaurs
  3 phantoms
  6 kobold brigands
  4 bullfrogs
  3 necrophages
  2 scorpions
  5 wights (D:7)
  Dowan (D:4)
  8 killer bees
  6 howler monkeys
  2 gnoll boudas (D:8)
  3 hounds
  A jelly (D:6)
  11 orc priests
  Crazy Yiuf (D:3)
  2 iguanas
  10 orc wizards
  A hound skeleton (D:5)
  12 gnolls
  7 adders
  4 river rats (Sewer)
  6 shadow imps
  2 white imps
  An ufetubus (D:6)
  2 worms (Sewer)
  3 dart slugs
  37 orcs
  13 ball pythons
  4 bats
  7 endoplasms
  9 giant cockroaches
  8 goblins
  4 hobgoblins
  5 jackals
  15 kobolds
  A quokka (D:3)
  3 frilled lizards
  7 rats
246 creatures vanquished.

Vanquished Creatures (collateral kills)
  A foxfire (Sewer)
1 creature vanquished.

Vanquished Creatures (others)
  858 foxfires
  3 withered plants (D:9)
861 creatures vanquished.

Grand Total: 1108 creatures vanquished

Notes
Turn   | Place    | Note
-------+----------+-------------------------------------------
     0 | D:1      | funkygono the Gargoyle Fire Elementalist began the quest
                  | for the Orb.
     0 | D:1      | Reached XP level 1. HP: 10/10 MP: 3/3
   320 | D:1      | Reached XP level 2. HP: 15/15 MP: 0/5
   323 | D:1      | Learned a level 2 spell: Scorch
  1253 | D:2      | Reached XP level 3. HP: 19/19 MP: 0/6
  1680 | D:2      | Reached XP level 4. HP: 23/24 MP: 1/8
  2052 | D:3      | Found a glowing drain.
  2186 | Sewer    | Entered a sewer
  2325 | Sewer    | Reached XP level 5. HP: 15/28 MP: 9/9
  2676 | Sewer    | Noticed a kobold brigand
  2689 | Sewer    | Killed a kobold brigand
  2806 | Sewer    | Noticed a kobold brigand
  2813 | Sewer    | Killed a kobold brigand
  2814 | Sewer    | Reached XP level 6. HP: 32/32 MP: 11/11
  3327 | D:3      | Found a runed translucent door.
  3328 | D:3      | Noticed Crazy Yiuf
  3414 | D:3      | Reached skill level 5 in Fire Magic
  3894 | D:3      | Killed Crazy Yiuf
  4031 | D:3      | Learned a level 3 spell: Kindle Blastsparks
  4036 | D:3      | Learned a level 4 spell: Flame Wave
  4062 | D:4      | Found a bloodstained altar of Trog.
  4067 | D:4      | Noticed Grinder
  4072 | D:4      | Reached XP level 7. HP: 36/36 MP: 11/13
  4082 | D:3      | Killed Grinder
  4324 | D:4      | Reached skill level 5 in Spellcasting
  4481 | D:4      | Found a broken altar of Ashenzari.
  4520 | D:4      | Found an ancient bone altar of Kikubaaqudgha.
  4792 | D:4      | Noticed Duvessa
  4795 | D:4      | Noticed Dowan
  4810 | D:4      | Killed Duvessa
  4810 | D:4      | Killed Dowan
  4811 | D:4      | Reached XP level 8. HP: 23/41 MP: 5/16
  5328 | D:5      | Entered Level 5 of the Dungeon
  5474 | D:5      | Reached skill level 5 in Conjurations
  5916 | D:5      | Found a burning altar of Makhleb.
  6062 | D:5      | Found a shadowy altar of Dithmenos.
  6157 | D:5      | Found a blossoming altar of Fedhas.
  6520 | D:6      | Reached XP level 9. HP: 46/46 MP: 18/18
  6596 | D:6      | Noticed Pikel
  6602 | D:6      | Killed Pikel
  7055 | D:6      | Found a staircase to the Ecumenical Temple.
  7060 | Temple   | Entered the Ecumenical Temple
  7877 | D:7      | Reached skill level 1 in Fighting
  7877 | D:7      | Reached XP level 10. HP: 52/52 MP: 18/22
  9350 | D:8      | Found a shimmering blue altar of Sif Muna.
  9355 | D:8      | Became a worshipper of Sif Muna the Loreminder
  9361 | D:8      | Got Sif Muna's Tome of Hoarfrost
  9364 | D:8      | Got Sif Muna's Encyclopedia of Variation
  9551 | D:8      | Noticed a two-headed ogre
  9562 | D:8      | Killed a two-headed ogre
  9757 | D:8      | Found a sacrificial altar of Ru.
  9941 | D:8      | Found a radiant altar of Vehumet.
 10231 | D:9      | Reached * piety under Sif Muna
 10375 | D:9      | Found a staircase to the Lair.
 10488 | D:9      | Reached skill level 10 in Fire Magic
 10488 | D:9      | Reached XP level 11. HP: 50/57 MP: 14/24
 10492 | D:9      | Reached skill level 10 in Spellcasting
 10657 | D:9      | Found a staircase to the Orcish Mines.
 10685 | D:9      | Reached skill level 1 in Invocations
 10849 | D:9      | Found a glowing golden altar of the Shining One.
 11499 | D:9      | Identified the +3 dagger of Kyinim {speed, Drain rElec rF+
                  | rN++ Int+2}
 11587 | D:9      | Learned a level 1 spell: Sting
 11627 | D:10     | Entered Level 10 of the Dungeon
 11766 | D:10     | Noticed a cyclops
 11777 | D:10     | Hit by a large rock thrown by a cyclops

Illustrated notes

Levels and vault maps discovered:
D:1:      lemuel_arrival_funnel, layout_loops_corners,
          ebering_dispersal_statue_hall, minmay_misc_feat_iff, minmay_tall_x
D:2:      layout_rooms
D:3:      layout_basic, gup_sewer_entry_glass, uniq_crazy_yiuf_cottage
D:4:      layout_layer_cave, cheibrodos_ashenzari_chains,
          mainiacjoe_overflow_catch_the_wave, uniq_grinder, uniq_duvessa
D:5:      layout_gridville, makhleb_blood_cavern_becter,
          fedhas_altar_fruit_tree, nicolae_dithmenos_the_darkroom, serial_glass,
          glass_columns_a, glass_columns_a
D:6:      layout_loops_corners, temple_doors_e, uniq_pikel
D:7:      layout_basic, enter_bailey_3
D:8:      layout_gridville, mainiacjoe_overflow_alcove_1,
          nicolae_sif_muna_little_library, nicolae_ru_sacrificial_ziggurat
D:9:      cheibrodos_grave_circle, layout_stronghold, tso_oasis_becter,
          erik_lair_orcish_takeover, orc_0_dummy
D:10:     nzn_winding_woodlands_medium [nzn_winding_woodlands_hourglass,
          nzn_winding_woodlands_5x15_crooked,
          nzn_winding_woodlands_5x5_open_star,
          nzn_winding_woodlands_5x5_checkerboard,
          nzn_winding_woodlands_center_lodge,
          nzn_winding_woodlands_5x5_closed_star,
          nzn_winding_woodlands_5x5_default, nzn_winding_woodlands_5x15_garden,
          nzn_winding_woodlands_5x5_three], layout_grid_maze,
          mainiacjoe_overflow_surrounded_room
Temple:   minmay_freezing_vapour_temple

Skill      XL: |  1  2  3  4  5  6  7  8  9 10 11 |
---------------+----------------------------------+-----
Conjurations   | 2 3 4 5 6 8 |  8.6
Spellcasting   | 3 4 5 6 8 9 10 | 10.2
Fire Magic     | 4 5 6 7 8 10 | 10.3
Dodging        | 2 3 |  3.2
Fighting       | 1 |  1.9
Invocations    | 1 |  1.1
Maces & Flails | |  0.8
Stealth        | |  2.1

Action                     |  1- 3 |  4- 6 |  7- 9 | 10-12 || total
---------------------------+-------+-------+-------+-------++-------
  Melee: Whip              |     5 |     1 |       |       ||     6
         Flail             |       |       |     2 |     8 ||    10
   Cast: Foxfire           |    48 |    89 |   209 |   163 ||   509
         Scorch            |     2 |    13 |    39 |    32 ||    86
         Flame Wave        |       |       |       |    12 ||    12
 Invoke: Channel Magic     |       |       |       |     1 ||     1
  Evoke: Wand              |       |       |       |     1 ||     1
    Use: Scroll            |       |     9 |     5 |     4 ||    18
 Armour: Robe              |     9 |    11 |    23 |       ||    43
         Steam dragon scal |       |       |    12 |    52 ||    64
  Dodge: Dodged            |    16 |    14 |    32 |    75 ||   137

Table legend: (Time is in decaauts)
 A = Elapsed time spent in this place.
 B = Non-inter-level travel time spent in this place.
 C = Inter-level travel time spent in this place.
 D = Time resting spent in this place.
 E = Time spent auto-exploring this place.
 F = Levels seen in this place.
 G = Mean time per level.
                   A        B        C        D        E       F      G
               +--------+--------+--------+--------+--------+-----+--------+
         Total |  11954 |  11630 |    324 |    850 |   8662 |  12 |  996.2 |
       Dungeon |  10849 |  10525 |    324 |    850 |   7768 |  10 | 1084.9 |
        Temple |     19 |     19 |      0 |      0 |     10 |   1 |   19.0 |
         Sewer |   1085 |   1085 |      0 |      0 |    884 |   1 | 1085.0 |
               +--------+--------+--------+--------+--------+-----+--------+

Top non-repeatable levels by time:
     D:9: 1512 daAuts
     D:7: 1451 daAuts
     D:3: 1443 daAuts
     D:1: 1194 daAuts
     D:6: 1189 daAuts
     D:4: 1150 daAuts
   Sewer: 1085 daAuts
     D:8: 1083 daAuts
     D:5: 1045 daAuts
     D:2: 629 daAuts
    D:10: 149 daAuts
  Temple: 19 daAuts
